Map: Ruins of Seras

Players

ROKAF

  • Race: Terran Terran
  • League: Grandmaster

PoeticStyle

  • Race: Terran Terran
  • League: Grandmaster

JoJo - Winner!

  • Race: Zerg Zerg
  • League: Grandmaster

CunningStunt - Winner!

  • Race: Zerg Zerg
  • League: Gold

VOD

Have the link to the VOD?

Description

Time

  • Played on: Sept. 11, 2015, 9:21 a.m.
  • Length: 1:49
Show
View Real Time Build Order
Export as new Build Order

ROKAF Terran 

Build Orders:  

Get SALT Encoding   

  12  0:01  SCV  
  13  0:13  SCV  
  14  0:19  Supply Depot  
  14  0:27  SCV  
  15  0:37  Refinery  
  15  0:40  SCV  
  16  0:47  Barracks  
  16  0:52  SCV  
  17  1:05  SCV  
  18  1:14  Refinery  
  18  1:18  SCV  
  19  1:24  Barracks  
Show
View Real Time Build Order
Export as new Build Order

PoeticStyle Terran 

Build Orders:  

Get SALT Encoding   

  12  0:02  Drone  
  13  0:13  Drone  
  14  0:17  Overlord  
  14  0:44  Drone  
  15  0:51  Drone  
  15  0:55  Drone  
  15  0:56  Hatchery  
  16  1:00  Drone  
  17  1:06  Drone  
  18  1:16  Drone  
  19  1:28  Drone  
  20  1:37  Hatchery  
Show
View Real Time Build Order
Export as new Build Order

JoJo Zerg - Winner!

Build Orders:  

Get SALT Encoding   

Show
View Real Time Build Order
Export as new Build Order

CunningStunt Zerg - Winner!

Build Orders:  

Get SALT Encoding   

Tags
 
Add a new tag
Caveats
  • Supply blocks, unpowered buildings, or Contaminate may cause inaccurate times.
  • Supply counts are checked every 10 seconds.